 Dungeon Crawl Stone Soup version 0.27-a0-1312-g5cdb2b3542 (webtiles) character file.

Game seed: 8708032685316079300

453 MacCMillion the Stinger (level 6, 0/52 HPs)
             Began as a Draconian Venom Mage on June 19, 2021.
             Was an Initiate of Qazlal.
             Slain by a hound (1 damage)
             ... on level 5 of the Dungeon.
             The game lasted 00:36:47 (6725 turns).

MacCMillion the Stinger (Draconian Venom Mage)      Turns: 6725, Time: 00:36:48

Health: 0/52       AC: 10    Str: 10    XL:     6   Next: 75%
Magic:  6/9        EV: 12    Int: 17    God:    Qazlal [......]
Gold:   197        SH:  0    Dex: 12    Spells: 0/9 levels left

rFire    . . .     SeeInvis .   a - +0 short sword
rCold    . . .     Faith    .   (no shield)
rNeg     . . .     Spirit   .   (armour unavailable)
rPois    .         Reflect  .   (helmet restricted)
rElec    .         Harm     .   t - +2 cloak
rCorr    .         Rampage  .   n - +0 pair of gloves
Will     .....                  (no boots)
Stlth    ++........             (no amulet)
HPRegen  0.17/turn              (no ring)
MPRegen  0.11/turn              (no ring)

@: no status effects
A: AC +6, unfitting armour, cold-blooded
a: Renounce Religion


You were on level 5 of the Dungeon.
You worshipped Qazlal.
Qazlal was noncommittal.
You visited 1 branch of the dungeon, and saw 6 of its levels.

You collected 197 gold pieces.

Inventory:

Hand Weapons
 a - a +0 short sword (weapon)
 h - a +0 vorpal war axe
 i - a +1 spear of flaming
Armour
 n - a +0 pair of gloves (worn)
 t - a +2 cloak (worn)
Jewellery
 g - a ring of ice
 l - a ring of flight
 r - a ring of ice
Scrolls
 c - a scroll of fog {unknown}
 d - 2 scrolls of magic mapping {unknown}
 f - 2 scrolls of identify
 j - 2 scrolls of enchant weapon {unknown}
 k - a scroll of holy word {unknown}
 p - a scroll of blinking {unknown}
 q - 2 scrolls of immolation
Potions
 b - a potion of might
 e - a potion of ambrosia
 m - a potion of haste
 o - a potion of magic


   Skills:
 + Level 4.1 Fighting
 - Level 1.7 Dodging
 - Level 2.0 Stealth
 - Level 2.0 Spellcasting
 - Level 3.0 Transmutations
 + Level 2.5 Air Magic
 - Level 5.0 Poison Magic


You couldn't memorise any spells.
You knew the following spells:

 Your Spells              Type           Power      Damage    Failure   Level
a - Sting                 Tmut/Pois      60%        1d6       3%          1
b - Poisonous Vapours     Pois/Air       28%        N/A       6%          2
c - Ignite Poison         Fire/Tmut/Pois 10%        N/A       21%         3
d - Mephitic Cloud        Conj/Pois/Air  10%        N/A       21%         3

Your spell library contained the following spells:

 Spells                   Type           Power      Damage    Failure   Level
 Olgreb's Toxic Radiance  Pois           18%        N/A       24%         4


Dungeon Overview and Level Annotations

Branches:
Dungeon (6/15)
 Temple: D:4-7

Altars:
Qazlal
Sif Muna


Innate Abilities, Weirdness & Mutations

Your plain brown scales are hard. (AC +6)
You cannot fit into any form of body armour.
You are cold-blooded and may be slowed by cold attacks.


Message History

The necrophage hits you but does no damage.
A gnoll comes into view. It is wielding a +0 club.
The hound bites you.
* * * LOW HITPOINT WARNING * * *
The bullfrog zombie hits you but does no damage.
The necrophage hits you but does no damage.
The gnoll closely misses you.
The bullfrog zombie hits you but does no damage.
There is a stone staircase leading up here.
The hound bites you but does no damage. The gnoll hits you with a +0 flail.
* * * LOW HITPOINT WARNING * * *
The bullfrog zombie hits you but does no damage.
The hound bites you but does no damage.
You climb upwards.
Found 8 curare-tipped darts.
There is a stone staircase leading down here.
An adder zombie comes into view.
The gnoll closely misses you. The hound bites you but does no damage.
The hound bites you.
* * * LOW HITPOINT WARNING * * *
The gnoll hits you but does no damage. The hound bites you but does no damage.
There is a stone staircase leading down here.
The hound bites you but does no damage.
Aiming: Sting (safe; 3% risk of failure)
Press: ? - help, Q - select action, (/) - cycle Shift-Dir - straight line, f - gnoll
Aim: a gnoll, wielding a +0 flail (77% to hit)
The sting hits the gnoll.
The gnoll is poisoned.
The gnoll is lightly wounded.
The hound bites you.
* * * LOW HITPOINT WARNING * * *
The gnoll hits you with a +0 flail.
* * * LOW HITPOINT WARNING * * *
The hound bites you but does no damage.
Aiming: Sting (safe; 3% risk of failure)
Press: ? - help, Q - select action, (/) - cycle Shift-Dir - straight line, f/p - gnoll
Aim: a gnoll, wielding a +0 flail (moderately wounded, poisoned, 77% to hit)
Okay, then.
You are no longer glowing.
The hound bites you.
You die...

# #.###
#....#####
#.....(.#
.##.......#
..........######
###...Z.>.h@...#
########g....#
#.....# #######


You could see a hound (inner flame), a gnoll (poisoned) and an adder zombie.

Vanquished Creatures
  2 ogres (D:4)
  A hound (D:4)
  A gnoll shaman (D:4)
  A hound skeleton (D:4)
  A howler monkey skeleton (D:4)
  3 adders (D:4)
  7 gnolls
  An adder skeleton (D:4)
  A worm (D:2)
  6 dart slugs
  5 orcs (D:4)
  9 endoplasms
  7 giant cockroaches
  9 hobgoblins
  3 jackals (D:2)
  4 quokkas (D:1)
  8 ball pythons
  4 bats
  3 frilled lizards
  3 goblins (D:1)
  5 kobolds
  5 rats
89 creatures vanquished.

Vanquished Creatures (others)
  16 fungi (D:1)
16 creatures vanquished.

Grand Total: 105 creatures vanquished

Notes
Turn   | Place    | Note
-------+----------+-------------------------------------------
     0 | D:1      | MacCMillion the Draconian Venom Mage began the quest for
                  | the Orb.
     0 | D:1      | Reached XP level 1. HP: 14/14 MP: 3/3
   392 | D:1      | Found a faded altar of an unknown god.
   411 | D:1      | Reached XP level 2. HP: 19/20 MP: 3/5
  1089 | D:1      | Reached XP level 3. HP: 23/26 MP: 4/6
  1304 | D:1      | Reached skill level 4 in Poison Magic
  1882 | D:2      | Learned a level 2 spell: Poisonous Vapours
  2735 | D:2      | Reached XP level 4. HP: 33/33 MP: 3/7
  3126 | D:3      | Found a shimmering blue altar of Sif Muna.
  4836 | D:4      | Noticed an ogre
  5095 | D:4      | Reached skill level 5 in Poison Magic
  5184 | D:4      | Reached XP level 5. HP: 38/38 MP: 5/8
  5293 | D:4      | Noticed an ogre
  5494 | D:4      | Killed an ogre
  5570 | D:4      | Killed an ogre
  5571 | D:4      | Reached skill level 1 in Air Magic
  5571 | D:4      | Reached XP level 6. HP: 37/51 MP: 3/9
  5756 | D:4      | Found a stormy altar of Qazlal.
  5758 | D:4      | Noticed a fire elemental
  5758 | D:4      | Noticed a water elemental
  5759 | D:4      | Noticed an air elemental
  6320 | D:4      | Learned a level 3 spell: Ignite Poison
  6324 | D:4      | Learned a level 3 spell: Mephitic Cloud
  6668 | D:4      | Became a worshipper of Qazlal Stormbringer
  6678 | D:5      | Entered Level 5 of the Dungeon
  6696 | D:5      | Identified the +0 buckler of Insurance {Will+}
  6702 | D:5      | HP: 2/52 [gnoll (6)]
  6723 | D:5      | HP: 1/52 [gnoll (4)]
  6725 | D:5      | Slain by a hound

Illustrated notes

Levels and vault maps discovered:
D:1:      scummos_arrival_checkerplants, layout_rooms, basic_ecumenical_altar,
          minmay_vboxes
D:2:      layout_basic, minmay_heptomino_l4
D:3:      layout_loops_corners, amcnicky_altar_gilded, guppyfry_early_lair_pool
D:4:      layout_cave_pods, nicolae_qazlal_style_of_elements
D:5:      layout_rooms, grunt_temple_overflow_open, lemuel_doored_altar
D:6:      layout_cave_pools, lemuel_tele_altar,
          lemuel_mausoleum_altar_yredelemnul, lemuel_temple_firewalk_b,
          uniq_pikel

Skill      XL: |  1  2  3  4  5  6 |
---------------+-------------------+-----
Stealth        | 2 |  2.0
Poison Magic   | 4 5 |  5.0
Transmutations | 2 3 |  3.0
Fighting       | 3 4 |  4.1
Air Magic      | 1 2 |  2.5
Dodging        | |  1.7
Spellcasting   | |  2.0

Action                   |  1- 3 |  4- 6 || total
-------------------------+-------+-------++-------
Melee: Short sword       |    40 |    67 ||   107
       Unarmed           |     1 |       ||     1
       Tailslap          |     6 |     5 ||    11
 Cast: Sting             |    46 |    66 ||   112
       Poisonous Vapours |     8 |    11 ||    19
  Use: Scroll            |     2 |     3 ||     5
       Potion            |       |     2 ||     2
Armor: Skin              |    17 |    67 ||    84
Dodge: Dodged            |    33 |    86 ||   119

Table legend: (Time is in decaauts)
 A = Elapsed time spent in this place.
 B = Non-inter-level travel time spent in this place.
 C = Inter-level travel time spent in this place.
 D = Time resting spent in this place.
 E = Time spent auto-exploring this place.
 F = Levels seen in this place.
 G = Mean time per level.
                   A        B        C        D        E       F      G
               +--------+--------+--------+--------+--------+-----+--------+
         Total |   6739 |   6503 |    236 |   1974 |   2993 |   6 | 1123.2 |
       Dungeon |   6739 |   6503 |    236 |   1974 |   2993 |   6 | 1123.2 |
               +--------+--------+--------+--------+--------+-----+--------+

Top non-repeatable levels by time:
     D:4: 1872 daAuts
     D:3: 1690 daAuts
     D:1: 1655 daAuts
     D:2: 1474 daAuts
     D:5: 41 daAuts
     D:6: 5 daAuts
